Map: Shrines of Lizul

Players

CavadinhaMix

  • Race: Protoss Protoss
  • League: Gold
  • Spawn Location: 6:00

Anonimo

  • Race: Zerg Zerg
  • League: Platinum
  • Spawn Location: 9:00

Pursuit

  • Race: Terran Terran
  • League: Master
  • Spawn Location: 3:00

Cuervo

  • Race: Zerg Zerg
  • Spawn Location: 12:00

VOD

Have the link to the VOD?

Description

Time

  • Played on: Sept. 22, 2017, 6:03 p.m.
  • Length: 7:55
Show
View Real Time Build Order
Export as new Build Order

CavadinhaMix Protoss 

Build Orders: Cannon Rush 

Get SALT Encoding   

  12  0:09  Probe (Chrono Boost)  
  13  0:17  Pylon  
  13  0:21  Probe (Chrono Boost)  
  14  0:32  Probe (Chrono Boost)  
  15  0:47  Gateway  
  15  0:51  Forge  
  15  1:02  Pylon  
  15  1:05  Probe (Chrono Boost)  
  16  1:26  Photon Cannon  
  16  1:29  Photon Cannon  
  16  1:38  Photon Cannon  
  16  1:57  Photon Cannon  
  16  1:59  Photon Cannon  
  16  2:09  Pylon  
  16  2:30  Photon Cannon  
  16  2:38  Assimilator  
  16  2:41  Pylon, Assimilator  
  16  2:42  Probe (Chrono Boost)  
  17  2:53  Probe (Chrono Boost)  
  17  2:57  Pylon  
  17  3:10  Cybernetics Core, Probe (Chrono Boost)  
  18  3:21  Probe (Chrono Boost)  
  19  3:31  Probe (Chrono Boost)  
  20  3:37  Photon Cannon  
  20  3:42  Probe (Chrono Boost)  
  21  3:52  Probe (Chrono Boost), Stargate  
  22  4:03  Probe (Chrono Boost)  
  22  4:05  Pylon  
  23  4:13  Probe (Chrono Boost)  
  23  4:16  Stargate  
  25  4:24  Probe (Chrono Boost)  
  25  4:37  Void Ray (Chrono Boost)  
  29  4:57  Pylon  
  29  4:58  Pylon  
  29  5:03  Pylon  
  31  5:07  Zealot  
  35  5:15  Probe  
  35  5:17  Void Ray (Chrono Boost)  
  36  5:59  Nexus  
  36  6:02  Pylon  
  40  6:14  Void Ray x2 (Chrono Boost)  
  47  6:56  Void Ray (Chrono Boost)  
  47  6:58  Void Ray (Chrono Boost)  
  51  7:02  Pylon  
  51  7:36  Probe  
Show
View Real Time Build Order
Export as new Build Order

Anonimo Zerg 

Build Orders: Hatch First 

Get SALT Encoding   

  12  0:10  Overlord  
  12  0:13  Drone  
  13  0:18  Drone  
  14  0:28  Drone  
  14  0:33  Drone  
  16  0:43  Drone  
  17  0:54  Drone  
  18  1:01  Extractor  
  17  1:04  Hatchery  
  17  1:08  Drone  
  17  1:15  Drone  
  18  1:26  Drone  
  19  1:40  Drone, Spawning Pool  
  19  1:49  Drone  
  20  2:01  Drone  
  21  2:09  Drone  
  21  2:12  Hatchery  
  21  2:18  Drone  
  21  2:21  Drone  
  23  2:27  Drone  
  24  2:30  Queen x2  
  28  2:42  Roach Warren  
  28  2:43  Drone  
  28  3:06  Overlord  
  28  3:08  Metabolic Boost  
  28  3:18  Overlord  
  28  3:26  Zergling x2  
  28  3:27  Zergling x10  
  34  3:31  Extractor  
  34  3:34  Drone, Extractor  
  33  3:43  Drone x3  
  36  3:51  Drone  
  36  3:52  Drone x2  
  39  4:05  Drone x2  
  39  4:06  Drone  
  42  4:16  Drone  
  44  4:17  Drone x2  
  45  4:30  Roach x2  
  45  4:31  Overlord x2  
  47  4:42  Zergling x8  
  49  4:55  Roach x5  
  49  4:56  Roach x3  
  59  5:04  Roach x3  
  62  5:10  Zergling x4  
  59  5:21  Zergling x6  
  59  5:58  Zergling x10  
  59  5:59  Zergling x4  
  59  6:00  Overlord x4  
  65  6:18  Queen x2  
  60  6:40  Drone x12  
  60  6:43  Lair  
  72  6:53  Spine Crawler, Extractor  
  70  6:54  Pneumatized Carapace  
  70  6:55  Drone  
  70  6:56  Drone x2  
  71  7:26  Zergling x18  
  71  7:27  Zergling x2  
  79  7:45  Extractor  
  78  7:52  Hydralisk Den  
Show
View Real Time Build Order
Export as new Build Order

Pursuit Terran 

Build Orders: Cyclone Opening, Mech 

Get SALT Encoding   

  12  0:00  SCV  
  13  0:13  SCV  
  14  0:20  Supply Depot  
  14  0:25  SCV  
  15  0:30  Refinery  
  15  0:41  SCV  
  16  0:47  Barracks  
  16  0:53  SCV  
  17  1:05  Refinery  
  17  1:06  SCV  
  18  1:19  SCV  
  19  1:33  Orbital Command  
  19  1:34  Factory  
  19  1:39  Barracks Reactor  
  19  1:47  Supply Depot  
  19  2:26  Cyclone x2  
  25  2:38  Orbital Command, Supply Depot  
  25  2:51  Barracks Tech Lab  
  25  2:56  Refinery  
  25  2:57  Refinery  
  25  3:09  SCV  
  26  3:21  SCV  
  27  3:33  SCV  
  28  3:39  Hellion  
  28  3:40  Hellion  
  32  3:45  SCV  
  33  3:51  Command Center  
  33  3:57  SCV  
  33  3:58  Supply Depot  
  33  4:02  Hellion x2  
  38  4:09  SCV  
  39  4:19  Factory  
  39  4:22  SCV  
  40  4:29  Cyclone  
  43  4:34  Hellion  
  45  4:39  SCV  
  46  4:51  SCV  
  47  4:56  Engineering Bay  
  47  5:03  SCV  
  45  5:19  Infernal Pre-Igniter, Hellion x3  
  50  5:21  Orbital Command  
  50  5:22  SCV  
  50  5:27  Missile Turret  
  51  5:33  Missile Turret  
  51  5:43  SCV  
  51  5:46  Armory  
  52  5:55  SCV  
  53  5:58  SCV  
  53  6:03  Siege Tank  
  57  6:07  SCV, Widow Mine  
  57  6:08  Widow Mine  
  62  6:17  SCV  
  61  6:30  SCV x2  
  55  6:33  Supply Depot  
  55  6:34  Supply Depot  
  55  6:35  Supply Depot  
  55  6:38  Barracks Tech Lab  
  55  6:39  Factory  
  53  6:42  SCV  
  54  6:53  Cyclone x2  
  60  6:54  SCV x2  
  62  7:16  SCV x2  
  62  7:20  Refinery, Siege Tank  
  67  7:24  Widow Mine x2  
  67  7:28  SCV  
  69  7:38  SCV  
  69  7:40  SCV  
Show
View Real Time Build Order
Export as new Build Order

Cuervo Zerg 

Build Orders: Pool First 

Get SALT Encoding   

  12  0:02  Drone  
  13  0:09  Drone  
  14  0:18  Overlord  
  14  0:24  Overlord  
  14  0:31  Drone, Extractor  
  15  0:38  Drone  
  16  0:45  Drone  
  17  0:54  Spawning Pool  
  16  1:20  Drone  
  17  1:28  Extractor  
  17  1:31  Hatchery, Drone x2  
  17  1:40  Drone  
  17  1:43  Drone  
  17  1:46  Queen  
  21  1:57  Drone  
  22  2:08  Drone  
  23  2:15  Zergling x2  
  24  2:30  Overlord  
  24  2:40  Metabolic Boost  
  24  2:45  Queen  
  24  2:46  Queen  
  24  2:48  Zergling x4  
  24  2:49  Zergling x2  
  31  2:57  Zergling x2  
  31  2:58  Zergling x6  
  35  3:11  Zergling x2  
  36  3:13  Overlord  
  36  3:14  Overlord  
  36  3:32  Drone x3  
  36  3:33  Drone  
  40  3:46  Baneling Nest  
  39  3:52  Drone x2  
  39  3:53  Drone x3  
  44  3:59  Drone  
  44  4:00  Drone x2  
  44  4:01  Drone  
  44  4:02  Drone  
  49  4:25  Hatchery  
  49  4:27  Zergling x2  
  49  4:28  Zergling x2  
  49  4:29  Zergling x4  
  52  4:31  Overlord  
  52  4:32  Overlord  
  52  4:37  Lair  
  50  4:52  Baneling  
  50  4:56  Zergling x8  
  50  4:57  Zergling x8  
  51  5:08  Zergling x2  
  51  5:13  Zergling x6  
  51  5:14  Zergling x6  
  58  5:19  Drone  
  44  6:04  Drone x9  
  45  6:05  Drone x5  
  58  6:13  Zergling x2  
  58  6:14  Zergling x6  
  56  6:26  Zergling x2  
  56  6:27  Zergling x4  
  58  6:43  Spine Crawler  
  56  6:51  Spine Crawler  
  56  6:52  Baneling x2  
  56  6:53  Baneling x6  
  56  6:54  Baneling  
  55  6:55  Zergling x2  
  55  6:56  Zergling x14  
  55  7:21  Zergling x6  
  55  7:22  Zergling x8  
  54  7:29  Zergling x8  
  55  7:30  Hatchery  
Tags
 
Add a new tag
Caveats
  • Supply blocks, unpowered buildings, or Contaminate may cause inaccurate times.
  • Supply counts are checked every 10 seconds.